 Dungeon Crawl Stone Soup version 0.22-a0-423-g4197694 (webtiles) character file.

4823 incide the Fighter (level 10, -11/85 HPs)
             Began as a Gnoll Wanderer on May 23, 2018.
             Was a Priest of Sif Muna.
             Mangled by a two-headed ogre
             ... wielding a +0 giant spiked club
              (18 damage)
             ... on level 8 of the Dungeon.
             The game lasted 00:28:56 (6113 turns).

incide the Fighter (Gnoll Wanderer)                 Turns: 6113, Time: 00:28:57

Health: -11/85     AC: 13    Str: 15    XL:     10   Next: 48%
Magic:  17/17      EV:  9    Int: 16    God:    Sif Muna [***...]
Gold:   85         SH:  0    Dex: 16    Spells: 19/19 levels left

rFire    . . .     SeeInvis .   C - +0 short sword (elec)
rCold    . . .     Gourm    .   (no shield)
rNeg     . . .     Faith    .   B - +0 chain mail
rPois    .         Spirit   .   u - +1 hat
rElec    .         Reflect  .   q - +0 cloak
rCorr    .         Harm     .   (no gloves)
MR       .....                  m - +0 pair of boots
Stlth    ..........             A - amulet of the acrobat
HPRegen  0.24/turn              (no ring)
MPRegen  0.15/turn              (no ring)

@: no status effects
A: distributed training, fangs 1, strong nose
a: Divine Energy, Channel Magic, Renounce Religion


You were on level 8 of the Dungeon.
You worshipped Sif Muna.
Sif Muna was most pleased with you.
You were not hungry.

You visited 1 branch of the dungeon, and saw 10 of its levels.
You also visited: Sewer.

You collected 293 gold pieces.
You spent 208 gold pieces at shops.

Inventory:

Hand Weapons
 a - a +2 quarterstaff
 b - a +2 scythe of venom
 r - a +0 war axe
 z - a +0 glaive
 C - a +0 short sword of electrocution (weapon)
 H - the +2 falchion of Spores {protect, Int+5}
   (You found it on level 6 of the Dungeon)

   It protects the one who uses it against injury (+AC on strike).
   It affects your intelligence (+5).
 P - the +3 falchion of Breach {slice, Stlth+}
   (You bought it in a shop on level 9 of the Dungeon)

   It inflicts extra damage upon your enemies.
   It makes you more stealthy.
Missiles
 s - 9 tomahawks (quivered)
Armour
 d - a +0 robe
 e - a +0 cloak
 j - a +0 chain mail
 m - a +0 pair of boots (worn)
 q - a +0 cloak (worn)
 t - a +0 shield
 u - a +1 hat (worn)
 B - a +0 chain mail (worn)
 E - a +0 helmet
Magical Staves
 F - an uncursed staff of air
Jewellery
 p - an uncursed amulet of magic regeneration
 A - an amulet of the acrobat (around neck)
Wands
 k - a wand of enslavement (15)
 v - a wand of acid (6)
 w - a wand of digging (14)
 I - a wand of iceblast (9)
 N - a wand of polymorph (9)
Scrolls
 c - 2 scrolls of teleportation
 g - a scroll of enchant armour {unknown}
 i - 5 scrolls of identify
 l - a scroll of remove curse
 y - 2 scrolls of magic mapping {unknown}
 D - a scroll of immolation {unknown}
 M - 3 scrolls of blinking
 O - a scroll of random uselessness {unknown}
Potions
 h - a potion of haste
 n - 6 potions of curing
 o - 4 potions of magic
 x - a potion of might
 G - a potion of resistance
 J - a potion of heal wounds
 L - a potion of flight
Comestibles
 f - 11 rations


   Skills:
 + Level 10.0 Fighting
 + Level 5.2 Short Blades
 + Level 5.9 Long Blades
 + Level 5.2 Axes
 + Level 5.2 Maces & Flails
 + Level 5.2 Polearms
 + Level 5.9 Staves
 + Level 5.2 Slings
 + Level 5.2 Bows
 + Level 5.2 Crossbows
 + Level 5.9 Throwing
 + Level 5.2 Armour
 + Level 5.9 Dodging
 + Level 5.8 Stealth
 + Level 5.2 Shields
 + Level 5.2 Unarmed Combat
 + Level 5.2 Spellcasting
 + Level 4.3 Conjurations
 + Level 4.3 Hexes
 + Level 4.3 Charms
 + Level 4.3 Summonings
 + Level 4.3 Necromancy
 + Level 4.3 Translocations
 + Level 4.3 Transmutations
 + Level 4.3 Fire Magic
 + Level 4.3 Ice Magic
 + Level 4.3 Air Magic
 + Level 4.3 Earth Magic
 + Level 4.3 Poison Magic
 + Level 5.7 Invocations
 + Level 5.9 Evocations


You had 19 spell levels left.
You didn't know any spells.
Your spell library contained the following spells:

 Spells                   Type           Power        Failure   Level  Hunger
 Spider Form              Tmut/Pois      ###.......   78%         3    ###....
 Blade Hands              Tmut           ###.......   100%        5    ######.
 Ice Form                 Ice/Tmut       ###.....     99%         4    ####...
 Sticks to Snakes         Tmut           ###.....     54%         2    #......
 Beastly Appendage        Tmut           ###...       41%         1    None


Dungeon Overview and Level Annotations

Branches:
Dungeon (10/15)
 Temple: D:4-7         Lair: D:8-11         Orc: D:9-12

Altars:
Ashenzari
Cheibriados
Hepliaklqana
Makhleb
Nemelex Xobeh
Sif Muna
Uskayaw
Wu Jian
Zin
The Shining One

Shops:
D:4 :   D:7 :   D:9 (

Annotations:
D:9 Erica


Innate Abilities, Weirdness & Mutations

Your experience applies equally to all skills.
You have very sharp teeth.
Your uncanny sense of smell can sniff out nearby items.


Message History

The two-headed ogre is heavily wounded.
The two-headed ogre barely misses you.
The two-headed ogre hits you but does no damage.
You barely miss the two-headed ogre.
The two-headed ogre is heavily wounded.
The two-headed ogre hits you with a giant spiked club!
* * * LOW HITPOINT WARNING * * *
The two-headed ogre closely misses you.
Evoke which item? (* to show all) (? for menu, Esc to quit)
Aiming: Corrosive Bolt
Press: ? - help, Shift-Dir - straight line, f - two-headed ogre
Aim: a two-headed ogre, wielding two giant spiked clubs (heavily wounded)
The bolt of acid hits the two-headed ogre.
The two-headed ogre is splashed with acid.
The acid corrodes the two-headed ogre!
The two-headed ogre is almost dead.
You completely miss the two-headed ogre.
The two-headed ogre is almost dead.
The two-headed ogre hits you with a giant spiked club!!
You die...

#..........(.#
#............#
#)...........###.
##########...........
##.#.#.#.#.#.......#
#.#.#.#.#.#.#.#.#.#.#
##.#.#.#.#.#[#.#.#∆
#.#.#.#O#.#.#.#.#.#
##.#.#@#.#.#.#.#.#.#
#.#.#.>.#.#.#.#[#.#.#
##.#.#.#.#.#.#.#.#.#.#
#.#.#.#.#.#.#.#.#.#.#.
##.#.#.#.#.#.#.#.#.#.
#.#.#.# #.#.#.#.#.#.
##.# #.#.#.#. #.#
#.#.#. ## #.#.


You could see a two-headed ogre.

Vanquished Creatures
  The ghost of incide the Sneak, an amateur GnWn (D:4)
  2 hippogriffs
  Sigmund (D:2)
  5 yaks
  A hungry ghost (D:10)
  Duvessa (D:7)
  2 ice beasts
  5 orc warriors
  A necrophage (D:9)
  4 ogres
  3 centaurs
  3 bullfrogs
  4 big kobolds (Sewer)
  Dowan (D:7)
  3 scorpions
  3 bullfrog zombies
  A crimson imp (D:4)
  2 hounds
  2 quasits
  A jelly (D:9)
  4 orc priests
  7 orc wizards
  A centaur skeleton (D:7)
  2 iguanas
  9 worker ants
  A hound zombie (D:6)
  A hound skeleton (D:5)
  A worker ant zombie (D:6)
  9 adders
  3 river rats
  A shadow imp (D:7)
  2 oozes
  An adder zombie (D:4)
  A worm (Sewer)
  2 dart slugs (D:1)
  6 leopard geckos
  28 orcs
  A ball python (Sewer)
  4 giant cockroaches
  9 goblins
  4 hobgoblins
  8 jackals
  2 quokkas (D:3)
  4 bats
  3 frilled lizards
  2 goblin skeletons (D:4)
  2 goblin zombies (D:4)
  6 hobgoblin zombies (D:4)
  9 kobolds
  A kobold zombie (D:4)
  An orc skeleton (D:4)
  2 quokka skeletons (D:4)
  6 rats
189 creatures vanquished.

Notes
Turn   | Place    | Note
-------+----------+-------------------------------------------
     0 | D:1      | incide the Gnoll Wanderer began the quest for the Orb.
     0 | D:1      | incide set off with: a +2 quarterstaff, a potion of curing, a scroll of teleportation, a +0 robe, a ration
     0 | D:1      | Reached XP level 1. HP: 26/26 MP: 2/2
    79 | D:1      | Reached XP level 2. HP: 33/33 MP: 3/3
   394 | D:1      | Reached XP level 3. HP: 35/38 MP: 4/4
   554 | D:2      | Found a deep blue altar of Sif Muna.
   561 | D:2      | Became a worshipper of Sif Muna the Loreminder
   589 | D:2      | Noticed Sigmund
   601 | D:2      | Killed Sigmund
   601 | D:2      | Reached skill level 1 in Short Blades
   601 | D:2      | Reached skill level 3 in Long Blades
   601 | D:2      | Reached skill level 1 in Axes
   601 | D:2      | Reached skill level 1 in Maces & Flails
   601 | D:2      | Reached skill level 1 in Polearms
   601 | D:2      | Reached skill level 3 in Staves
   601 | D:2      | Reached skill level 1 in Slings
   601 | D:2      | Reached skill level 1 in Bows
   601 | D:2      | Reached skill level 1 in Crossbows
   601 | D:2      | Reached skill level 3 in Throwing
   601 | D:2      | Reached skill level 1 in Armour
   601 | D:2      | Reached skill level 3 in Dodging
   601 | D:2      | Reached skill level 1 in Shields
   601 | D:2      | Reached skill level 1 in Unarmed Combat
   601 | D:2      | Reached skill level 1 in Spellcasting
   601 | D:2      | Reached skill level 1 in Conjurations
   601 | D:2      | Reached skill level 1 in Hexes
   601 | D:2      | Reached skill level 1 in Charms
   601 | D:2      | Reached skill level 1 in Summonings
   601 | D:2      | Reached skill level 1 in Necromancy
   601 | D:2      | Reached skill level 1 in Translocations
   601 | D:2      | Reached skill level 1 in Transmutations
   601 | D:2      | Reached skill level 1 in Fire Magic
   601 | D:2      | Reached skill level 1 in Ice Magic
   601 | D:2      | Reached skill level 1 in Air Magic
   601 | D:2      | Reached skill level 1 in Earth Magic
   601 | D:2      | Reached skill level 1 in Poison Magic
   601 | D:2      | Reached skill level 1 in Invocations
   601 | D:2      | Reached skill level 3 in Evocations
   601 | D:2      | Reached XP level 4. HP: 19/45 MP: 4/6
   601 | D:2      | Reached XP level 5. HP: 21/51 MP: 4/7
   664 | D:2      | Noticed a phantom
   788 | D:3      | Found a faded altar of an unknown god.
   812 | D:3      | Reached XP level 6. HP: 57/57 MP: 8/8
   859 | D:3      | Reached skill level 2 in Invocations
   887 | D:3      | Reached skill level 3 in Stealth
   938 | D:3      | Found a sparkling altar of Nemelex Xobeh.
  1171 | D:4      | Found Ihirut's Book Shop.
  1174 | D:4      | Noticed incide's ghost (amateur GnWn)
  1254 | D:4      | Reached skill level 2 in Short Blades
  1254 | D:4      | Reached skill level 2 in Axes
  1254 | D:4      | Reached skill level 2 in Maces & Flails
  1254 | D:4      | Reached skill level 2 in Polearms
  1254 | D:4      | Reached skill level 2 in Slings
  1254 | D:4      | Reached skill level 2 in Bows
  1254 | D:4      | Reached skill level 2 in Crossbows
  1254 | D:4      | Reached skill level 2 in Armour
  1254 | D:4      | Reached skill level 2 in Shields
  1254 | D:4      | Reached skill level 2 in Unarmed Combat
  1254 | D:4      | Reached skill level 2 in Spellcasting
  1268 | D:4      | Found a glowing golden altar of the Shining One.
  1327 | D:4      | Found a hazy altar of Hepliaklqana.
  1594 | D:4      | Killed incide's ghost
  1594 | D:4      | Reached * piety under Sif Muna
  1594 | D:4      | Reached skill level 2 in Conjurations
  1594 | D:4      | Reached skill level 2 in Hexes
  1594 | D:4      | Reached skill level 2 in Charms
  1594 | D:4      | Reached skill level 2 in Summonings
  1594 | D:4      | Reached skill level 2 in Necromancy
  1594 | D:4      | Reached skill level 2 in Translocations
  1594 | D:4      | Reached skill level 2 in Transmutations
  1594 | D:4      | Reached skill level 2 in Fire Magic
  1594 | D:4      | Reached skill level 2 in Ice Magic
  1594 | D:4      | Reached skill level 2 in Air Magic
  1594 | D:4      | Reached skill level 2 in Earth Magic
  1594 | D:4      | Reached skill level 2 in Poison Magic
  1594 | D:4      | Reached XP level 7. HP: 60/63 MP: 10/10
  1771 | D:4      | Found an ornate altar of the Wu Jian Council.
  1795 | D:4      | Reached skill level 9 in Fighting
  1795 | D:4      | Reached skill level 3 in Invocations
  2038 | D:4      | Found a burning altar of Makhleb.
  2113 | D:4      | Found a snail-covered altar of Cheibriados.
  2144 | D:4      | Reached XP level 8. HP: 34/71 MP: 12/12
  2391 | D:5      | Entered Level 5 of the Dungeon
  2441 | D:4      | Reached skill level 4 in Long Blades
  2441 | D:4      | Reached skill level 4 in Staves
  2441 | D:4      | Reached skill level 4 in Throwing
  2441 | D:4      | Reached skill level 4 in Dodging
  2441 | D:4      | Reached skill level 4 in Evocations
  2469 | D:5      | Reached skill level 3 in Short Blades
  2469 | D:5      | Reached skill level 3 in Axes
  2469 | D:5      | Reached skill level 3 in Maces & Flails
  2469 | D:5      | Reached skill level 3 in Polearms
  2469 | D:5      | Reached skill level 3 in Slings
  2469 | D:5      | Reached skill level 3 in Bows
  2469 | D:5      | Reached skill level 3 in Crossbows
  2469 | D:5      | Reached skill level 3 in Armour
  2469 | D:5      | Reached skill level 3 in Shields
  2469 | D:5      | Reached skill level 3 in Unarmed Combat
  2469 | D:5      | Reached skill level 3 in Spellcasting
  2737 | D:5      | Found a hide-covered altar of Uskayaw.
  2773 | D:6      | Got a bloodstained falchion
  2774 | D:6      | Identified the +2 falchion of Spores {protect, Int+5} (You found it on level 6 of the Dungeon)
  2812 | D:6      | Reached skill level 4 in Stealth
  3126 | D:6      | Found a glowing drain.
  3138 | Sewer    | Entered a sewer
  3381 | Sewer    | Reached skill level 4 in Invocations
  3575 | Sewer    | Reached skill level 3 in Conjurations
  3575 | Sewer    | Reached skill level 3 in Hexes
  3575 | Sewer    | Reached skill level 3 in Charms
  3575 | Sewer    | Reached skill level 3 in Summonings
  3575 | Sewer    | Reached skill level 3 in Necromancy
  3575 | Sewer    | Reached skill level 3 in Translocations
  3575 | Sewer    | Reached skill level 3 in Transmutations
  3575 | Sewer    | Reached skill level 3 in Fire Magic
  3575 | Sewer    | Reached skill level 3 in Ice Magic
  3575 | Sewer    | Reached skill level 3 in Air Magic
  3575 | Sewer    | Reached skill level 3 in Earth Magic
  3575 | Sewer    | Reached skill level 3 in Poison Magic
  3579 | Sewer    | Reached XP level 9. HP: 76/76 MP: 14/14
  3902 | D:6      | Reached skill level 4 in Short Blades
  3902 | D:6      | Reached skill level 4 in Axes
  3902 | D:6      | Reached skill level 4 in Maces & Flails
  3902 | D:6      | Reached skill level 4 in Polearms
  3902 | D:6      | Reached skill level 4 in Slings
  3902 | D:6      | Reached skill level 4 in Bows
  3902 | D:6      | Reached skill level 4 in Crossbows
  3902 | D:6      | Reached skill level 4 in Armour
  3902 | D:6      | Reached skill level 4 in Shields
  3902 | D:6      | Reached skill level 4 in Unarmed Combat
  3902 | D:6      | Reached skill level 4 in Spellcasting
  4473 | D:7      | Reached ** piety under Sif Muna
  4473 | D:7      | Reached skill level 5 in Long Blades
  4473 | D:7      | Reached skill level 5 in Staves
  4473 | D:7      | Reached skill level 5 in Throwing
  4473 | D:7      | Reached skill level 5 in Dodging
  4473 | D:7      | Reached skill level 5 in Evocations
  4509 | D:7      | Noticed Dowan
  4510 | D:7      | Noticed Duvessa
  4536 | D:7      | Killed Duvessa
  4536 | D:7      | Reached skill level 5 in Stealth
  4546 | D:7      | Killed Dowan
  4588 | D:7      | Found Egod's Book Shop.
  4698 | D:7      | Found a shattered altar of Ashenzari.
  4709 | D:7      | You fall through a shaft for 3 floors!
  4709 | D:10     | Entered Level 10 of the Dungeon
  4719 | D:10     | Reached skill level 5 in Invocations
  4737 | D:10     | Reached XP level 10. HP: 73/84 MP: 15/17
  4752 | D:10     | Reached skill level 4 in Conjurations
  4752 | D:10     | Reached skill level 4 in Hexes
  4752 | D:10     | Reached skill level 4 in Charms
  4752 | D:10     | Reached skill level 4 in Summonings
  4752 | D:10     | Reached skill level 4 in Necromancy
  4752 | D:10     | Reached skill level 4 in Translocations
  4752 | D:10     | Reached skill level 4 in Transmutations
  4752 | D:10     | Reached skill level 4 in Fire Magic
  4752 | D:10     | Reached skill level 4 in Ice Magic
  4752 | D:10     | Reached skill level 4 in Air Magic
  4752 | D:10     | Reached skill level 4 in Earth Magic
  4752 | D:10     | Reached skill level 4 in Poison Magic
  4869 | D:9      | Reached skill level 5 in Short Blades
  4869 | D:9      | Reached skill level 5 in Axes
  4869 | D:9      | Reached skill level 5 in Maces & Flails
  4869 | D:9      | Reached skill level 5 in Polearms
  4869 | D:9      | Reached skill level 5 in Slings
  4869 | D:9      | Reached skill level 5 in Bows
  4869 | D:9      | Reached skill level 5 in Crossbows
  4869 | D:9      | Reached skill level 5 in Armour
  4869 | D:9      | Reached skill level 5 in Shields
  4869 | D:9      | Reached skill level 5 in Unarmed Combat
  4869 | D:9      | Reached skill level 5 in Spellcasting
  4869 | D:9      | Noticed Erica
  5095 | D:9      | Reached skill level 10 in Fighting
  5544 | D:9      | Found a glowing silver altar of Zin.
  5652 | D:9      | Reached *** piety under Sif Muna
  5657 | D:9      | Found Dyanaoh's Antique Weapon Emporium.
  5682 | D:9      | Bought a brightly glowing falchion for 208 gold pieces
  5682 | D:9      | Identified the cursed +3 falchion of Breach {slice, Stlth+} (You bought it in a shop on level 9 of the Dungeon)
  5700 | D:9      | HP: 12/85 [yak (11)]
  5715 | D:9      | HP: 11/85 [yak (5)]
  5724 | D:8      | HP: 10/85 [bullfrog (3)]
  5734 | D:8      | HP: 9/85 [adder (1)]
  5742 | D:8      | HP: 7/85 [poisoned by an adder]
  6084 | D:8      | Noticed a two-headed ogre
  6107 | D:8      | HP: 5/85 [two-headed ogre/giant spiked club (16)]
  6113 | D:8      | Mangled by a two-headed ogre

Vault maps used:
D:1:      minmay_arrival_doors, st_stairs_7, kennysheep_nondescript, minivault_4
D:2:      lemuel_crystal_altar, uniq_sigmund
D:3:      lemuel_crystal_altar, first_ration, chequers_ecumenical_altar_simple
D:4:      cheibriados_altar_1, kennysheep_mini, kennysheep_mini_moat,
          nicolae_tso_besieged_by_evil, overflow_temple_1_default, serial_shops,
          shop
D:5:      nicolae_overflow_crystal_walls, lemuel_round_altar, temple_hall_moat,
          uniq_pikel
D:6:      gup_sewer_entry_bubbles
D:7:      lemuel_crystal_altar, serial_shops, shop, uniq_duvessa
D:8:      cheibrodos_wizards_tower, grunt_temple_overflow_growth_and_decay,
          serial_shops, shop_statue, uniq_maurice
D:9:      nicolae_overflow_hidden_temple, lair_entry_dummy, serial_shops, shop,
          uniq_erica
D:10:     minivault_12, uniq_nergalle
Sewer:    sewer_co_15_rooms

Skill      XL: |  1  2  3  4  5  6  7  8  9 10 |
---------------+-------------------------------+-----
Short Blades   | 1 2 3 4 5 |  5.2
Long Blades    | 3 4 5 |  5.9
Axes           | 1 2 3 4 5 |  5.2
Maces & Flails | 1 2 3 4 5 |  5.2
Polearms       | 1 2 3 4 5 |  5.2
Staves         | 3 4 5 |  5.9
Slings         | 1 2 3 4 5 |  5.2
Bows           | 1 2 3 4 5 |  5.2
Crossbows      | 1 2 3 4 5 |  5.2
Throwing       | 3 4 5 |  5.9
Armour         | 1 2 3 4 5 |  5.2
Dodging        | 3 4 5 |  5.9
Shields        | 1 2 3 4 5 |  5.2
Unarmed Combat | 1 2 3 4 5 |  5.2
Spellcasting   | 1 2 3 4 5 |  5.2
Conjurations   | 1 2 3 4 |  4.3
Hexes          | 1 2 3 4 |  4.3
Charms         | 1 2 3 4 |  4.3
Summonings     | 1 2 3 4 |  4.3
Necromancy     | 1 2 3 4 |  4.3
Translocations | 1 2 3 4 |  4.3
Transmutations | 1 2 3 4 |  4.3
Fire Magic     | 1 2 3 4 |  4.3
Ice Magic      | 1 2 3 4 |  4.3
Air Magic      | 1 2 3 4 |  4.3
Earth Magic    | 1 2 3 4 |  4.3
Poison Magic   | 1 2 3 4 |  4.3
Invocations    | 1 2 3 4 5 |  5.7
Evocations     | 3 4 5 |  5.9
Stealth        | 3 4 5 |  5.8
Fighting       | 9 10 | 10.0

Action                   |  1- 3 |  4- 6 |  7- 9 | 10-12 || total
-------------------------+-------+-------+-------+-------++-------
Melee: Quarterstaff      |    73 |    17 |       |       ||    90
       Bite              |     8 |    16 |    45 |    20 ||    89
       Scythe            |       |   136 |   228 |       ||   364
       War axe           |       |       |    14 |       ||    14
       Falchion          |       |       |     9 |    18 ||    27
       Short sword       |       |       |    96 |   139 ||   235
       Punch             |       |       |     3 |     3 ||     6
Evoke: Wand              |       |       |       |     3 ||     3
  Use: Potion            |       |     1 |     8 |       ||     9
       Scroll            |       |       |       |     3 ||     3
 Stab: Sleeping          |     1 |       |       |       ||     1
  Eat: Chunk             |       |     3 |    10 |     7 ||    20
Armor: Chain mail        |    34 |   163 |   247 |    68 ||   512
       Robe              |     3 |       |       |       ||     3
Dodge: Dodged            |    44 |    92 |   202 |    68 ||   406
       Rpst.: Falchion   |       |       |     2 |       ||     2

Table legend:
 A = Spawn XP
 B = Non-spawn XP
 C = Spawn XP percentage of total XP
 D = Spawn monster count
 E = Non-spawn monster count
 F = Spawn count percentage of total count
 G = Total turns spent on level
                    A         B        C        D         E        F      G
               +---------+---------+-------+---------+---------+-------+---------
         Total |       0 |    6891 |   0.0 |       0 |     189 |   0.0 |  6113
               +---------+---------+-------+---------+---------+-------+---------
           D:1 |       0 |      38 |   0.0 |       0 |      19 |   0.0 |   467
           D:2 |       0 |     245 |   0.0 |       0 |       8 |   0.0 |   317
           D:3 |       0 |     273 |   0.0 |       0 |      34 |   0.0 |   674
           D:4 |       0 |     824 |   0.0 |       0 |      30 |   0.0 |   968
           D:5 |       0 |     187 |   0.0 |       0 |       9 |   0.0 |   345
           D:6 |       0 |     881 |   0.0 |       0 |      25 |   0.0 |   920
           D:7 |       0 |    1110 |   0.0 |       0 |      17 |   0.0 |   556
           D:8 |       0 |     304 |   0.0 |       0 |       3 |   0.0 |   397
           D:9 |       0 |    1297 |   0.0 |       0 |      18 |   0.0 |   927
          D:10 |       0 |    1283 |   0.0 |       0 |       8 |   0.0 |    80
         Sewer |       0 |     449 |   0.0 |       0 |      18 |   0.0 |   462
               +---------+---------+-------+---------+---------+-------+---------
